Map: Costas tropicales

Players

MrFercho - Winner!

  • Race: Terran Terran
  • Spawn Location: 5:00

tigro

  • Race: Terran Terran
  • Spawn Location: 0:00

VOD

Have the link to the VOD?

Description

Time

  • Played on: Nov. 18, 2018, 8:48 p.m.
  • Length: 27:06
Show
View Real Time Build Order
Export as new Build Order

MrFercho Terran - Winner!

Build Orders:  

Get SALT Encoding   

  12  0:02  SCV  
  13  0:20  Supply Depot  
  13  0:25  SCV  
  14  0:37  SCV  
  15  0:51  Refinery  
  15  0:55  SCV  
  16  1:05  Refinery  
  16  1:07  SCV  
  17  1:16  Barracks  
  17  1:19  SCV  
  18  1:32  SCV  
  19  1:44  SCV  
  20  1:51  Supply Depot  
  20  1:56  SCV  
  21  2:01  Engineering Bay  
  21  2:08  SCV  
  22  2:19  Factory  
  22  2:20  SCV  
  22  2:21  Reaper  
  24  2:27  Engineering Bay  
  24  2:32  SCV  
  25  2:45  Terran Infantry Weapons Level 1  
  25  2:50  Orbital Command  
  25  2:53  Reaper  
  26  3:08  Cyclone  
  29  3:21  Supply Depot  
  29  3:40  Hellion  
  31  4:02  Hellion, Command Center  
  33  4:03  SCV  
  34  4:15  SCV  
  35  4:27  SCV  
  36  4:39  SCV  
  35  5:17  Refinery  
  30  5:42  Refinery  
  28  5:50  Barracks Tech Lab  
  28  5:52  Factory Tech Lab  
  28  5:59  Orbital Command  
  30  6:18  Widow Mine  
  30  6:32  SCV x2  
  34  6:40  Widow Mine  
  34  6:44  SCV x2  
  36  6:55  Barracks  
  36  6:56  SCV x2  
  36  7:00  Barracks  
  40  7:01  Widow Mine  
  40  7:03  Barracks  
  40  7:07  Armory  
  40  7:08  SCV x2  
  41  7:10  Factory  
  41  7:12  Armory  
  41  7:15  Armory  
  42  7:20  SCV x2  
  46  7:22  Widow Mine  
  48  7:44  Widow Mine  
  48  7:45  Factory  
  48  7:55  Starport, Factory  
  48  7:56  Starport  
  48  7:59  Command Center  
  48  8:00  Refinery  
  48  8:05  Starport  
  48  8:06  Ghost Academy  
  48  8:09  Starport  
  44  9:06  Terran Ship Weapons Level 1  
  44  9:07  Terran Vehicle And Ship Armor Level 1, Terran Vehicle Weapons Level 1  
  42  9:12  Terran Infantry Weapons Level 2  
  42  9:13  Terran Infantry Armor Level 1  
  42  9:21  Starport Tech Lab x2  
  42  9:22  Starport Tech Lab x2  
  42  9:25  Factory Tech Lab x2  
  42  9:26  Factory Tech Lab  
  42  9:28  Barracks Tech Lab x2  
  42  9:29  Barracks Tech Lab  
  40  9:43  Thor  
  46  9:57  Siege Tank x3  
  55  10:06  Marauder  
  55  10:07  Marauder x2  
  61  10:26  Liberator, Siege Tank  
  61  10:27  Liberator, Marine x2  
  61  10:28  Liberator, Marine  
  67  10:42  Raven  
  67  10:44  Sensor Tower  
  78  10:58  Hellion  
  80  11:06  Neosteel Frame  
  80  11:10  Orbital Command  
  80  11:13  SCV x2  
  80  11:14  Fusion Core  
  82  11:19  Sensor Tower  
  82  11:25  SCV x2  
  84  11:28  Hi-Sec Auto Tracking  
  84  11:37  SCV x2  
  86  11:49  SCV x2  
  86  11:53  Weapon Refit  
  88  12:05  Sensor Tower  
  88  12:10  Advanced Ballistics, Corvid Reactor  
  88  12:11  Rapid Reignition System, Cloaking Field  
  88  12:16  Infernal Pre-Igniter, Rapid Fire Launchers  
  88  12:25  Neosteel Armor  
  88  12:34  Supply Depot  
  88  12:37  Supply Depot  
  88  12:38  Supply Depot  
  88  12:39  Supply Depot  
  88  12:40  Supply Depot  
  88  12:42  Supply Depot  
  88  12:58  Supply Depot  
  88  13:00  Supply Depot  
  88  13:05  Supply Depot  
  88  13:08  Hyperflight Rotors  
  88  13:11  Command Center, Refinery  
  88  13:17  Refinery  
  88  13:29  Refinery  
  85  15:32  Orbital Command  
  85  15:36  SCV x3  
  88  15:48  SCV x2  
  88  15:49  SCV  
  91  16:00  SCV  
  91  16:01  SCV x2  
  94  16:09  Terran Vehicle Weapons Level 2  
  94  16:17  Terran Vehicle And Ship Armor Level 2  
  94  16:20  Terran Ship Weapons Level 2  
  94  16:23  Combat Shield  
  94  16:24  Concussive Shells  
  94  16:28  Terran Infantry Weapons Level 3, Terran Infantry Armor Level 2  
  94  16:45  Stimpack  
  94  16:47  Marine x4  
  98  17:02  Cyclone x2  
  98  17:05  Marine x4  
  98  17:06  Hellbat x2  
  112  17:23  Marine x4, Banshee x4  
  112  17:27  Hellbat x2  
  132  17:34  Hellbat x2  
  136  17:40  Marine  
  136  17:41  Marine x3  
  140  17:48  Hellbat x2  
  144  17:56  Hellbat x2  
  148  17:58  Marine x3  
  148  17:59  Marine  
  148  18:01  Command Center  
  148  18:03  Refinery  
  148  18:04  Refinery  
  152  18:06  Banshee x4  
  152  18:09  Thor x2, Command Center  
  176  18:12  Refinery x2  
  176  18:17  Hellion x2  
  180  18:58  Banshee  
  180  19:10  Banshee  
  180  19:11  Banshee x2  
  186  19:19  Missile Turret  
  186  19:34  Missile Turret x2  
  186  19:35  Missile Turret  
  186  19:41  Banshee  
  186  19:44  Missile Turret  
  189  19:53  Banshee  
  189  19:54  Banshee x2  
  189  19:57  Missile Turret  
  175  20:24  Viking  
  177  20:31  Bunker  
  177  20:32  Bunker  
  177  20:34  Bunker  
  171  20:36  Viking  
  171  20:37  Viking x2  
  174  20:54  Viking  
  173  20:59  Siege Tank x3  
  173  21:00  Siege Tank  
  185  21:06  Viking, Marine x4  
  187  21:24  Marine x4  
  191  21:38  Missile Turret  
  191  21:42  Marine x4  
  195  21:59  Marine  
  195  22:00  Missile Turret  
Show
View Real Time Build Order
Export as new Build Order

tigro Terran 

Build Orders:  

Get SALT Encoding   

  12  0:12  SCV  
  13  0:24  Refinery  
  13  0:25  SCV  
  14  0:35  Refinery  
  14  0:37  SCV  
  15  0:56  Supply Depot  
  15  1:17  SCV  
  16  1:27  Barracks  
  16  1:30  SCV  
  17  1:42  SCV  
  18  2:01  Command Center  
  18  2:07  SCV  
  19  2:19  SCV  
  20  2:32  Supply Depot  
  20  2:52  Barracks Tech Lab  
  20  3:03  Engineering Bay  
  20  3:10  SCV  
  21  3:14  Marine  
  21  3:16  Combat Shield  
  21  3:17  Refinery  
  22  3:27  Refinery  
  22  3:28  SCV  
  22  3:32  Marine  
  24  3:40  SCV  
  25  3:49  Marine  
  26  4:02  Terran Infantry Weapons Level 1  
  26  4:07  Marine  
  27  4:16  Missile Turret  
  27  4:17  SCV  
  28  4:25  Marine  
  28  4:30  SCV  
  30  4:35  Supply Depot  
  28  4:42  SCV  
  25  5:01  Planetary Fortress  
  25  5:06  Marauder  
  18  5:53  SCV  
  18  5:57  Terran Infantry Armor Level 1  
  19  6:01  SCV  
  20  6:05  SCV  
  20  6:10  Barracks Tech Lab  
  21  6:14  SCV  
  21  6:18  SCV  
  23  6:30  SCV  
  24  6:38  SCV  
  25  6:50  SCV  
  26  6:59  Marauder  
  28  7:03  SCV  
  29  7:20  Marauder  
  31  7:31  Missile Turret  
  31  7:42  Marauder  
  33  7:51  Hi-Sec Auto Tracking  
  33  7:52  Bunker  
  33  8:03  Marauder  
  35  8:12  SCV  
  36  8:18  Factory  
  36  8:21  SCV  
  36  8:24  Marauder, SCV  
  40  8:33  SCV  
  41  8:36  SCV  
  41  8:38  Missile Turret  
  42  8:45  Marine  
  42  8:48  Neosteel Armor  
  35  9:03  Marine  
  34  9:21  Marine  
  35  9:39  Marine  
  35  9:40  Factory Tech Lab  
  36  9:50  Planetary Fortress  
  36  9:55  Missile Turret  
  36  9:56  Marine  
  37  10:14  Marine  
  37  10:17  Infernal Pre-Igniter  
  38  10:27  Neosteel Frame  
  38  10:32  Marine  
  39  10:43  Armory  
  39  10:50  Marauder  
  41  11:12  Marauder  
  43  11:24  Command Center  
  43  11:31  Siege Tank  
  46  11:33  Marauder  
  46  11:35  Rapid Fire Launchers  
  48  11:47  Missile Turret  
  48  11:55  Marauder  
  50  12:03  Siege Tank  
  53  12:14  Starport  
  53  12:36  Siege Tank  
  53  12:37  Terran Infantry Armor Level 2  
  56  12:41  Terran Vehicle Weapons Level 1  
  56  12:54  Drilling Claws  
  56  13:02  SCV  
  57  13:06  Supply Depot  
  57  13:08  Thor  
  63  13:14  SCV  
  61  13:49  Viking  
  61  13:50  Thor  
  69  14:12  Smart Servos  
  69  14:18  Medivac, Missile Turret  
  71  14:35  Terran Ship Weapons Level 1  
  71  14:44  Missile Turret  
  71  14:48  Viking  
  71  14:52  Terran Infantry Weapons Level 2  
  61  15:18  Viking  
  63  15:39  Marine  
  64  15:49  Starport Tech Lab  
  64  15:56  Marine  
  65  16:14  Marine  
  66  16:32  Marine  
  67  16:42  Fusion Core  
  67  16:50  Marine  
  68  16:55  Thor, Refinery  
  74  17:05  Refinery  
  74  17:50  Supply Depot  
  74  18:12  Battlecruiser  
  80  18:33  Missile Turret  
  80  18:41  Missile Turret  
  80  18:44  Marauder  
  82  18:58  Thor  
  82  19:04  Supply Depot  
  82  19:05  Marauder  
  70  19:16  Battlecruiser  
  69  19:27  Marauder  
  71  19:41  Thor, Missile Turret  
  77  19:48  Marauder  
  79  19:55  Weapon Refit  
  68  20:10  Marauder  
  56  20:20  Battlecruiser  
  58  20:24  Thor  
  64  20:54  Terran Ship Weapons Level 2  
  56  20:58  Terran Infantry Weapons Level 3  
  54  21:06  Thor  
  54  21:09  Marauder  
  56  21:24  Battlecruiser  
  62  21:31  Marauder  
  58  21:49  Siege Tank  
  58  21:52  Marauder  
  63  22:11  Refinery  
  63  22:22  Siege Tank  
  66  22:29  Battlecruiser  
  72  22:35  SCV  
  73  22:41  Rapid Reignition System  
  73  22:47  SCV  
  71  22:54  Siege Tank  
  74  23:06  SCV  
  74  23:10  Terran Vehicle Weapons Level 2  
  75  23:15  SCV  
  76  23:25  Thor  
  82  23:33  Battlecruiser  
  76  23:35  Terran Infantry Armor Level 3  
  76  23:37  Corvid Reactor  
  55  24:08  Thor  
  56  24:22  Marauder  
  48  24:37  Viking  
  46  24:43  Missile Turret  
  35  24:51  Thor  
  40  24:56  Cloaking Field  
  29  25:07  Viking  
  20  25:30  Planetary Fortress  
  26  25:39  Missile Turret  
  20  25:54  Missile Turret  
  14  26:02  Supply Depot  
Tags
 
Matchup
TvT
Race
Terran
Replay Pack
MrFercho
Add a new tag
Caveats
  • Supply blocks, unpowered buildings, or Contaminate may cause inaccurate times.
  • Supply counts are checked every 10 seconds.